 Dungeon Sprint DCSS version 0.17-a0-1923-gc35365e (webtiles) character file.

104 ololoev the Chucker (level 4, -3/53 HPs)
             Began as an Ogre Hunter on Sept 28, 2015.
             Slain by Sigmund
             ... wielding a +1 antimagic scythe
              (5 damage)
             ... in the Dungeon (Sprint I: "Red Sonja").
             The game lasted 00:01:08 (140 turns).

ololoev the Chucker (Ogre Hunter)                    Turns: 140, Time: 00:01:08

Health: -3/53      AC:  3    Str: 18    XL:     4   Next: 80%
Magic:  0/4        EV: 10    Int: 10    God:
Gold:   0          SH:  0    Dex: 10    Spells: 0 memorised, 3 levels left

rFire  . . .     SeeInvis .     a - +0 giant club
rCold  . . .     Clarity  .     d - +0 robe
rNeg   . . .     SustAt   .     (no shield)
rPois  .         Gourm    .     (helmet restricted)
rElec  .         Spirit   .     (no cloak)
rCorr  .         Warding  .     (gloves unavailable)
rMut   .         NoTele   +     (boots unavailable)
MR     .....                    (no amulet)
Stlth  +.........               (no ring)
                                (no ring)

@: not resistant to hostile enchantments, very unstealthy
A: unfitting armour, tough skin 1
a: no special abilities


Innate Abilities, Weirdness & Mutations

You are too large for most types of armour.
You have tough skin (AC +1).

Inventory:

Hand weapons
 a - a +0 giant club (weapon)
Missiles
 b - 2 throwing nets (quivered)
Armour
 d - a +0 robe (worn)
Scrolls
 k - a scroll of blinking
Potions
 c - a potion of lignification {unknown}
 f - a potion of curing
 g - a potion of heal wounds
 h - a potion of haste
 i - 2 potions of magic
 j - a potion of berserk rage
Comestibles
 e - a bread ration


   Skills:
 + Level 6.3 Fighting
 * Level 6.0 Maces & Flails
 + Level 7.4 Throwing
 - Level 3.1 Dodging
 - Level 0.7 Stealth


You had 3 spell levels left.
You didn't know any spells.
You were in the Dungeon. You were not hungry. You visited 1 branch ########## #<.#..@..# #..)..#..'((# #..#####+#### #..# #..# #..# #⌠⌠# ####

Notes
Turn   | Place    | Note
--------------------------------------------------------------
     0 | D        | ololoev the Ogre Hunter began the quest for the Orb.
     0 | D        | Reached XP level 1. HP: 22/22 MP: 1/1
     1 | D        | Noticed Ijyb
     6 | D        | Killed Ijyb
     6 | D        | Reached skill level 6 in Throwing
     6 | D        | Reached XP level 2. HP: 24/33 MP: 2/2
     6 | D        | Reached XP level 3. HP: 29/40 MP: 3/3
    16 | D        | Noticed an ogre
    18 | D        | Killed an ogre
    18 | D        | Reached skill level 7 in Throwing
    18 | D        | Reached XP level 4. HP: 35/53 MP: 4/4
   127 | D        | Noticed Sigmund
   139 | D        | HP: 2/53 [something (8)]
   140 | D        | Slain by Sigmund

Dungeon Overview and Level Annotations

Branches:
Dungeon (1/1)

Altars:

Annotations:
D Sigmund


Message History

You shout for attention!
You hear a shout!
Sigmund the Dreaded comes into view.
He is wielding an antimagic scythe.
Throwing (i - inventory. (,) - cycle):
l - 4 large rocks (quivered)
Press: ? - help, Shift-Dir - straight line, f - Sigmund
Aim: Sigmund, wielding an antimagic scythe and wearing an embroidered robe You throw a large rock.
The large rock hits Sigmund!!
Sigmund is severely wounded.
Sigmund mumbles some strange words.
Sigmund flickers and vanishes!
Deactivating autopickup; reactivate with Ctrl-A.
Throwing (i - inventory. (,) - cycle):
l - 3 large rocks (quivered)
Press: ? - help, Shift-Dir - straight line You throw a large rock.
Throwing (i - inventory. (,) - cycle):
l - 2 large rocks (quivered)
Press: ? - help, Shift-Dir - straight line You throw a large rock.
Throwing (i - inventory. (,) - cycle):
l - a large rock (quivered)
Press: ? - help, Shift-Dir - straight line You throw a large rock.
Something hits you.
You feel your power leaking away.
There is an open door, spattered with blood here.
Things that are here:
a club; an ogre corpse You miss something.
You miss something. Something hits you!
You feel your power leaking away.
You barely miss something.
You hear some strange, mumbled words.
You are confused.
Something hits you!
You miss something.
You bump into the stone wall.
Something hits you!
You're too confused to move!
Something hits you!
You bump into the rock wall.
You closely miss something.
You feel less confused. Something hits you!
You closely miss something. Something hits you.
You die...

There were no monsters in sight!

Vanquished Creatures
  An ogre (D)
  Ijyb (D)
2 creatures vanquished.

Action                   |  1- 3 |  4- 6 || total
-------------------------+-------+-------++-------
Melee: Giant club        |       |     6 ||     6
Throw: Large rock        |     7 |     4 ||    11

Vault maps used:
D:        dungeon_sprint_1
